 Dungeon Crawl Stone Soup version 5.7-8-g3a8b389 (webtiles) character file.

90 Sir the Purveyor of Pain (level 5, -3/52 HPs)
             Began as a Jiangshi Necromancer on Sept 11, 2018.
             Was an Initiate of Kikubaaqudgha.
             Slain by Sigmund (10 damage)
             ... on level 3 of the Dungeon.
             The game lasted 00:05:16 (2107 turns).

Sir the Purveyor of Pain (Jiangshi Necromancer)     Turns: 2107, Time: 00:05:16

Health: -3/52      AC:  6 (0%)Str: 12   XL:     5   Next: 70%
Magic:  2/5        EV: 13    Int: 18    God:    Kikubaaqudgha [0*[21]]
Gold:   102        SH:  0    Dex: 15    Spells: 6/10 levels left

rFire    . . .     SeeInvis +   b - +0 dagger
rCold    + . .     Faith    .   (no shield)
rNeg     + + .     Spirit   .   n - +2 robe {MR+}
rPois    +         Reflect  .   g - +0 helmet
rElec    .                      o - +0 cloak {Stlth+}
rCorr    .                      (no gloves)
MR       +....                  (no boots)
Stlth    ..........             (no amulet)
Regen    0.7/turn               (no ring)
MPRegen  0.2/turn               (no ring)

@: berserking, regenerating, very quick
A: hp from kills, fangs 3, talons 1, see invisible, cold resistance 1, mutation
resistance 1, negative energy resistance 2, poison resistance, unbreathing,
stiff legs 1
a: Hop, End Regeneration, Renounce Religion


You were on level 3 of the Dungeon.
You worshipped Kikubaaqudgha.
Kikubaaqudgha was noncommittal.
You were not thirsty.

You visited 1 branch of the dungeon, and saw 3 of its levels.

You collected 102 gold pieces.

Inventory:

Hand Weapons
 b - a +0 dagger (weapon)
Missiles
 p - 64 poisoned darts (quivered)
Armour
 a - a +0 robe
 g - a +0 helmet (worn)
 n - a +2 robe of magic resistance (worn)
 o - a +0 cloak of stealth (worn)
Jewellery
 k - an uncursed ring of poison resistance
Scrolls
 d - a scroll of enchant weapon
 e - a scroll of fog
 f - a scroll of magic mapping
 j - a scroll of amnesia
 l - a scroll of immolation
Potions
 c - a potion of augmentation
 h - a potion of flight
 m - a potion of lignification


   Skills:
 * Level 3.5 Blades
 - Level 2.1 Dodging
 + Level 5.0 Stealth
 + Level 3.7 Hexes
 + Level 6.1 Necromancy


You had 6 spell levels left.
You knew the following spells:

 Your Spells              Type           Power        Failure   Level  Hunger
a - Pain                  Necr           22 (25)      1%          1    N/A
b - Regeneration          Chrm/Necr      11 (200)     19%         3    N/A

Your spell library contained the following spells:

 Spells                   Type           Power        Failure   Level  Hunger
 Animate Dead             Necr           22 (200)     19%         4    N/A
 Control Undead           Necr           22 (200)     19%         4    N/A
 Vampiric Draining        Necr           22 (200)     5%          3    N/A
 Sublimation of Blood     Necr           22 (200)     2%          2    N/A

Dungeon Overview and Level Annotations

Branches:
Dungeon (3/15)

Altars:
Gozag
Kikubaaqudgha

Annotations:
D:3 Sigmund


Innate Abilities, Weirdness & Mutations

You sometimes restore health when killing living enemies.
You have razor-sharp teeth.
You have supernaturally acute eyesight. (SInv)
Your flesh is cold resistant. (rC+)
You are quite resistant to negative energy. (rN++)
Your system is resistant to poisons. (rPois)
You can survive without breathing.
You can hop short distances.
You have sharp toenails.
You are somewhat resistant to further mutation.


Message History

You are confused.
You're too confused to cast spells.
You're too confused!
Unknown command.
Unknown command.
Unknown command.
Sigmund hits you from afar (13)! Sigmund hits you (8)!
You bump into the rock wall.
Sigmund hits you (11)!
* * * LOW HITPOINT WARNING * * *
Unknown command.
A red film seems to cover your vision as you go berserk!
You feel yourself moving faster!
You feel mighty!
You feel less confused. Sigmund misses you.
You hit Sigmund (6). Your kick misses Sigmund.
Sigmund is severely wounded.
Sigmund hits you (10)!
You die...
Kikubaaqudgha rasps: "You have failed me!
Welcome... oblivion!"

###################
.......#..........#
..................##
...............@...######..
........#.....##@..........
##......###...##...........
#..>.....+..).'...........
#.....####...##...........
#....[....................
#.#.#....#####.###........
#...+....+................
##.#.#....#.......####.....
...#.......####.#.# ...#.


You could see Sigmund.

Vanquished Creatures
  A scorpion (D:3)
  Crazy Yiuf (D:2)
  Jessica (D:2)
  8 adders
  3 quokkas
  2 ball pythons (D:1)
  3 bat skeletons (D:2)
  2 bat zombies (D:2)
  2 giant cockroaches
  8 goblins
  5 hobgoblins
  7 bats
  4 frilled lizards
  6 kobolds
  2 rats (D:2)
55 creatures vanquished.

Notes
Turn   | Place    | Note
-------+----------+-------------------------------------------
     0 | D:1      | Sir the Jiangshi Necromancer began the quest for the Orb.
     0 | D:1      | Reached XP level 1. HP: 13/13 MP: 2/2
   290 | D:1      | Reached skill level 1 in Blades
   452 | D:1      | Reached XP level 2. HP: 17/19 MP: 4/4
  1018 | D:1      | Gained mutation: You are somewhat resistant to further mutation. [mutagenic hatch]
  1083 | D:2      | Reached skill level 1 in Hexes
  1083 | D:2      | Reached XP level 3. HP: 23/24 MP: 6/6
  1086 | D:2      | Learned a level 3 spell: Regeneration
  1194 | D:2      | Found a faded altar of an unknown god.
  1245 | D:2      | Reached XP level 4. HP: 30/30 MP: 3/3
  1337 | D:2      | Found an opulent altar of Gozag.
  1634 | D:2      | Noticed Jessica
  1636 | D:2      | Found an ancient bone altar of Kikubaaqudgha.
  1642 | D:2      | Became a worshipper of Kikubaaqudgha
  1682 | D:2      | Killed Jessica
  1763 | D:2      | Found a runed door.
  1767 | D:2      | Noticed Crazy Yiuf
  1771 | D:2      | Killed Crazy Yiuf
  1771 | D:2      | Reached XP level 5. HP: 35/35 MP: 5/5
  1902 | D:2      | Gained mutation: You have sharp toenails. [mutagenic hatch]
  1913 | D:3      | Reached skill level 5 in Stealth
  1913 | D:3      | Reached skill level 6 in Necromancy
  1953 | D:3      | Noticed Sigmund
  2107 | D:3      | Slain by Sigmund

Skill      XL: |  1  2  3  4  5 |
---------------+----------------+-----
Blades         | 1 2 3 |  3.5
Hexes          | 1 2 3 |  3.7
Stealth        | 4 5 |  5.0
Necromancy     | 6 |  6.1
Dodging        | |  2.1

Action                   |  1- 3 |  4- 6 || total
-------------------------+-------+-------++-------
Melee: Dagger            |    67 |    85 ||   152
       Unarmed           |     7 |       ||     7
       Bite              |     6 |     9 ||    15
       Kick              |       |     2 ||     2
 Cast: Pain              |     8 |    14 ||    22
       Regeneration      |     1 |       ||     1
  Use: Potion            |       |     1 ||     1
 Stab: Sleeping          |    16 |    11 ||    27
Armor: Robe              |    29 |    42 ||    71
Dodge: Dodged            |    60 |   102 ||   162
